Map: Romanticide LE

Players

Serral - Winner!

  • Race: Zerg Zerg
  • Spawn Location: 5:00

llllllllllll (Oliveira)

  • Race: Terran Terran
  • Spawn Location: 11:00

Event: DreamHack SC2 Masters 2020 Winter

VOD

Have the link to the VOD?

Description

Time

  • Played on: Nov. 14, 2020, 9:50 a.m.
  • Length: 17:19

All games in this series

Show
View Real Time Build Order
Export as new Build Order

Serral Zerg - Winner!

Build Orders: Hatch First, Muta Ling Bane 

Get SALT Encoding   

  12  0:00  Drone  
  13  0:12  Overlord  
  13  0:17  Drone  
  14  0:30  Drone x2  
  16  0:48  Hatchery  
  15  0:51  Drone  
  15  0:54  Drone  
  17  0:58  Drone  
  18  1:08  Extractor  
  17  1:12  Spawning Pool  
  17  1:16  Drone  
  17  1:18  Drone  
  18  1:28  Drone  
  19  1:39  Drone  
  20  1:49  Drone  
  21  1:59  Queen x2  
  21  2:00  Zergling x2  
  21  2:01  Zergling x2  
  27  2:10  Overlord  
  27  2:11  Drone, Metabolic Boost  
  28  2:28  Hatchery  
  27  2:32  Drone  
  27  2:33  Drone  
  27  2:35  Drone  
  30  2:38  Drone  
  31  2:45  Queen  
  31  2:50  Overlord  
  33  2:53  Drone  
  33  2:56  Drone  
  33  2:58  Drone  
  36  3:09  Drone x4  
  36  3:10  Overlord  
  40  3:15  Drone  
  40  3:19  Drone  
  42  3:22  Queen  
  43  3:29  Queen  
  43  3:30  Overlord  
  45  3:40  Queen  
  47  3:41  Drone x2  
  47  3:42  Zergling x2  
  47  3:43  Zergling x2  
  47  3:44  Drone  
  47  3:48  Overlord  
  52  3:51  Zergling x2  
  52  3:52  Drone x2  
  55  3:58  Queen  
  55  4:00  Zergling x2  
  55  4:01  Drone x2  
  60  4:11  Zergling x2  
  60  4:12  Drone x2  
  60  4:13  Drone x2, Baneling Nest  
  60  4:14  Drone  
  64  4:19  Zergling x2  
  65  4:25  Lair  
  65  4:29  Overlord  
  65  4:33  Spore Crawler  
  65  4:34  Spore Crawler, Queen, Extractor  
  65  4:37  Zergling x2  
  65  4:42  Zergling x2  
  66  4:48  Zergling x4  
  66  4:49  Spine Crawler, Drone x4  
  71  4:54  Drone x3  
  71  4:56  Baneling x3  
  71  4:57  Baneling  
  74  5:01  Overlord  
  74  5:03  Overlord  
  74  5:07  Extractor  
  74  5:12  Drone  
  74  5:13  Drone  
  68  5:15  Zergling x6  
  68  5:16  Zergling x2, Drone  
  68  5:17  Drone x3  
  68  5:18  Drone x2  
  68  5:21  Drone  
  73  5:25  Extractor  
  73  5:27  Drone x2  
  72  5:33  Centrifical Hooks  
  72  5:35  Drone x4  
  76  5:37  Drone  
  76  5:42  Drone  
  78  5:46  Drone  
  78  5:49  Evolution Chamber  
  78  5:51  Evolution Chamber  
  78  5:53  Zergling x4  
  78  5:56  Drone  
  80  5:59  Drone, Extractor x2  
  79  6:04  Drone  
  79  6:05  Drone x3  
  79  6:07  Drone  
  79  6:08  Spire  
  79  6:09  Hatchery  
  79  6:10  Drone  
  83  6:13  Zergling x6  
  83  6:14  Baneling x2  
  83  6:16  Zerg Melee Weapons Level 1  
  86  6:19  Drone x2  
  86  6:20  Drone  
  86  6:23  Zerg Ground Armor Level 1  
  89  6:25  Drone  
  90  6:34  Overlord  
  90  6:35  Overlord  
  90  6:38  Overlord  
  90  6:39  Overlord x3  
  90  6:42  Baneling x2  
  90  6:45  Overlord  
  90  6:48  Overlord  
  90  6:50  Overlord  
  90  6:52  Overlord  
  89  6:55  Overlord  
  89  6:58  Zergling x12  
  89  7:00  Baneling x2  
  89  7:01  Baneling x2  
  95  7:04  Pneumatized Carapace  
  95  7:09  Drone  
  95  7:15  Zergling x18  
  105  7:18  Overseer  
  105  7:20  Zerg Flyer Weapons Level 1  
  105  7:24  Mutalisk x3  
  111  7:31  Mutalisk x4  
  117  7:37  Mutalisk  
  117  7:40  Drone  
  117  7:41  Drone x5  
  125  7:45  Spore Crawler  
  125  7:47  Drone x4  
  125  7:48  Drone  
  129  7:53  Overseer, Baneling x6  
  129  7:59  Queen  
  129  8:00  Overlord  
  129  8:02  Zergling x8  
  135  8:09  Drone  
  136  8:13  Baneling x3  
  136  8:15  Overlord  
  136  8:18  Overlord  
  136  8:22  Zergling x20  
  146  8:32  Baneling x4  
  140  8:35  Mutalisk  
  140  8:36  Zerg Ground Armor Level 2, Zerg Melee Weapons Level 2  
  140  8:37  Mutalisk  
  140  8:40  Extractor  
  144  8:41  Drone  
  144  8:42  Drone  
  144  8:44  Mutalisk  
  144  8:45  Zergling x6  
  144  8:46  Zergling x6  
  153  8:50  Baneling  
  153  8:55  Baneling x4  
  153  8:57  Baneling x3  
  153  9:00  Zergling x14  
  153  9:01  Zergling x2  
  153  9:02  Hatchery  
  155  9:06  Zergling x8  
  158  9:12  Mutalisk x2  
  158  9:15  Zergling x18  
  171  9:28  Zergling x8  
  169  9:33  Zerg Flyer Weapons Level 2  
  169  9:36  Mutalisk x3  
  175  9:40  Mutalisk  
  175  9:44  Zergling x18, Baneling x2  
  175  9:45  Zergling x6  
  187  9:48  Zergling x2  
  175  10:00  Infestation Pit  
  175  10:01  Baneling  
  175  10:02  Baneling x3  
  175  10:03  Mutalisk  
  175  10:04  Mutalisk  
  178  10:07  Zergling x2  
  178  10:08  Zergling x26  
  192  10:19  Mutalisk x2  
  195  10:22  Baneling x8  
  195  10:25  Zergling x4  
  197  10:34  Baneling x8  
  197  10:35  Overlord  
  196  10:42  Hive  
  187  10:44  Zergling x20  
  197  10:53  Overlord x2, Queen  
  199  10:57  Baneling x9  
  199  11:01  Hatchery  
  199  11:02  Baneling x7  
  198  11:04  Baneling x2  
  198  11:08  Baneling  
  196  11:13  Zergling x6  
  196  11:15  Baneling x2  
  196  11:16  Baneling x3  
  199  11:24  Baneling x9  
  197  11:28  Zergling x18  
  197  11:32  Baneling x6  
  198  11:39  Zergling x14  
  200  11:44  Baneling x7  
  175  11:54  Zergling x42  
  175  11:57  Zergling x10  
  200  12:01  Zerg Ground Armor Level 3  
  200  12:03  Baneling x5  
  200  12:22  Baneling x9  
  195  12:29  Zergling x2  
  183  12:30  Zergling x32  
  183  12:35  Zergling x24  
  177  12:39  Baneling x8  
  177  12:41  Overseer  
  177  12:42  Zergling x10  
  179  12:51  Zergling x10  
  172  12:55  Baneling x7  
  171  12:59  Zergling x12  
  169  13:07  Mutalisk x5  
  169  13:11  Drone x2  
  175  13:13  Drone  
  175  13:17  Drone x9  
  185  13:22  Adrenal Glands  
  185  13:27  Zerg Melee Weapons Level 3  
  185  13:31  Zergling x16  
  193  13:36  Baneling x8  
  193  13:38  Zergling x6  
  195  13:45  Spore Crawler x2, Drone  
  195  13:46  Drone x2  
  196  13:49  Baneling  
  196  13:50  Baneling x9  
  191  14:03  Overseer  
  191  14:06  Zergling x2  
  191  14:08  Baneling x4  
  192  14:10  Hatchery  
  183  14:17  Zerg Flyer Armor Level 1, Ultralisk Cavern  
  183  14:19  Zergling x2  
  183  14:20  Zergling x32  
  199  14:30  Burrow  
  199  14:34  Overseer, Baneling x4  
  199  14:36  Baneling  
  199  14:37  Baneling x4  
  197  14:48  Zergling x12  
  199  14:57  Zergling x14  
  199  15:05  Zergling x26  
  200  15:08  Chitinous Plating  
  200  15:11  Drone  
  199  15:25  Drone  
  196  15:31  Overseer, Baneling x18  
  196  15:33  Zergling x8  
  192  15:44  Zergling x18  
  192  15:46  Baneling x10  
  190  15:58  Zergling x2  
  190  15:59  Zergling x32  
  195  16:05  Zergling x12  
  195  16:08  Baneling x3  
  195  16:09  Drone  
  195  16:11  Zergling x22, Hatchery  
  198  16:14  Zergling x8  
  195  16:21  Baneling x3  
  195  16:22  Baneling x13  
  195  16:26  Anabolic Synthesis  
  195  16:28  Zergling x10  
  199  16:43  Baneling x9  
  199  16:44  Baneling x3  
  197  16:50  Extractor  
  197  16:51  Extractor  
  197  16:52  Zergling x12  
  200  16:56  Baneling x7  
  200  17:01  Extractor  
  200  17:05  Hatchery  
Show
View Real Time Build Order
Export as new Build Order

llllllllllll Terran 

Build Orders: Command Center First (CC), Hellion Opening 

Get SALT Encoding   

  12  0:00  SCV  
  13  0:12  SCV  
  14  0:17  Supply Depot  
  14  0:25  SCV  
  15  0:39  SCV  
  16  0:51  SCV  
  17  1:00  Command Center  
  17  1:03  SCV  
  18  1:13  Barracks  
  18  1:17  SCV  
  19  1:22  Refinery  
  19  1:27  Refinery  
  19  1:29  SCV  
  20  1:41  SCV  
  22  1:59  Marine  
  22  2:00  Orbital Command  
  22  2:08  Factory  
  22  2:12  Orbital Command  
  22  2:18  Barracks Reactor  
  22  2:24  Supply Depot  
  22  2:26  SCV  
  23  2:37  SCV  
  23  2:39  SCV  
  25  2:50  SCV  
  25  2:51  SCV  
  27  2:53  Starport  
  27  2:58  Hellion x2  
  31  3:02  Barracks Tech Lab  
  31  3:03  SCV x2  
  33  3:11  Supply Depot  
  33  3:16  SCV x2  
  33  3:19  Hellion  
  39  3:20  Hellion  
  39  3:24  Stimpack, Marine  
  40  3:29  Viking  
  40  3:32  SCV  
  43  3:34  SCV  
  43  3:39  Supply Depot  
  44  3:42  Marine  
  44  3:45  Hellion  
  44  3:47  Hellion  
  44  3:48  SCV  
  50  3:51  SCV  
  51  4:03  Starport Reactor  
  51  4:04  Medivac  
  51  4:06  Marine  
  51  4:07  Armory, Hellion  
  56  4:11  Supply Depot, Hellion  
  56  4:12  SCV  
  56  4:14  SCV  
  60  4:24  Marine  
  61  4:25  SCV  
  62  4:32  SCV  
  62  4:33  Command Center  
  62  4:36  Hellion  
  62  4:38  Hellion  
  67  4:41  SCV  
  67  4:45  SCV  
  69  4:55  SCV  
  70  5:01  Barracks  
  70  5:02  Barracks  
  70  5:11  SCV, Liberator  
  70  5:12  Hellion x2  
  70  5:14  SCV  
  70  5:17  Marine  
  58  5:23  SCV  
  58  5:24  Engineering Bay  
  58  5:26  SCV, Engineering Bay  
  58  5:28  Combat Shield, Refinery  
  55  5:29  Refinery  
  55  5:33  Hellion  
  58  5:35  SCV  
  58  5:37  Hellion  
  58  5:39  SCV  
  58  5:41  Marine  
  62  5:46  Orbital Command  
  62  5:47  SCV  
  62  5:49  Barracks Reactor x2  
  63  5:53  Barracks x2  
  63  5:54  Starport Reactor  
  63  5:59  Widow Mine x2  
  63  6:02  Terran Infantry Weapons Level 1, Terran Infantry Armor Level 1  
  63  6:03  SCV  
  68  6:04  SCV  
  68  6:05  Orbital Command  
  68  6:07  Marine  
  70  6:15  SCV  
  71  6:18  SCV  
  71  6:19  Supply Depot  
  71  6:20  Supply Depot  
  71  6:25  Marine  
  72  6:27  SCV  
  72  6:31  SCV, Marine x3  
  72  6:32  Medivac x2  
  82  6:34  Widow Mine  
  82  6:36  SCV  
  85  6:41  SCV, Marine, Widow Mine  
  85  6:42  Barracks Reactor, Supply Depot x2  
  85  6:43  Barracks Reactor  
  85  6:46  SCV, Missile Turret  
  90  6:48  SCV  
  90  6:49  Missile Turret  
  90  6:53  SCV, Missile Turret, Marine  
  93  6:56  Marine x2  
  93  6:58  SCV, Widow Mine  
  93  7:00  SCV, Marine  
  97  7:05  SCV  
  97  7:07  Marine  
  99  7:08  Supply Depot  
  99  7:10  SCV  
  99  7:11  Medivac x2, Widow Mine, Marine  
  99  7:12  SCV  
  108  7:16  Supply Depot  
  108  7:17  SCV, Marine  
  108  7:21  Refinery, Marine x2  
  108  7:22  Marine, Factory  
  113  7:24  Widow Mine  
  113  7:25  Marine  
  113  7:26  SCV  
  117  7:36  Marine x2  
  115  7:37  Marine x2  
  115  7:38  SCV x2  
  115  7:42  Marine  
  120  7:45  Command Center  
  120  7:46  Marine  
  120  7:48  Widow Mine x2, Marine x2  
  120  7:50  SCV x2  
  129  7:51  Marine  
  129  7:53  Supply Depot  
  129  7:54  Marine  
  129  7:57  Terran Infantry Weapons Level 2  
  129  7:58  Supply Depot  
  131  8:03  Terran Infantry Armor Level 2  
  131  8:06  Marine x2  
  133  8:14  Marine x2  
  133  8:15  Widow Mine x2, Factory Tech Lab  
  133  8:18  Supply Depot  
  139  8:20  Supply Depot  
  139  8:22  Marine x2  
  141  8:30  Marine  
  141  8:31  Marine x3  
  141  8:32  Marine  
  146  8:35  Drilling Claws, Widow Mine  
  146  8:39  Marine  
  146  8:40  Marine  
  149  8:43  SCV x2  
  149  8:45  Marine, Barracks  
  149  8:46  Refinery, Barracks x2  
  151  8:50  Supply Depot  
  151  8:56  Marine x3  
  152  9:04  Marine  
  152  9:07  Thor  
  157  9:11  SCV, Refinery, Marine x3, Sensor Tower  
  157  9:12  Supply Depot  
  157  9:13  SCV x2  
  157  9:16  Marine x2  
  165  9:19  Marine x2  
  165  9:20  Widow Mine  
  165  9:21  Widow Mine  
  171  9:26  Missile Turret  
  171  9:27  Missile Turret, Marine  
  171  9:29  Marine  
  171  9:31  Marine x2  
  169  9:33  Barracks Tech Lab x2  
  169  9:37  Missile Turret  
  171  9:39  Planetary Fortress  
  171  9:49  Marine  
  171  9:50  Barracks Tech Lab  
  171  9:52  Marine x2  
  166  9:54  Marine  
  166  9:58  Marine x2  
  166  9:59  Thor  
  170  10:00  Widow Mine x2  
  170  10:06  Marine x2  
  182  10:10  Command Center  
  182  10:14  Marine x3  
  182  10:15  Marauder  
  182  10:16  Terran Infantry Weapons Level 3  
  185  10:22  Terran Infantry Armor Level 3  
  185  10:23  SCV x2  
  180  10:40  Marine  
  180  10:41  Marine  
  180  10:42  Marauder x3  
  179  10:43  Medivac, Widow Mine x2  
  179  10:44  Medivac  
  179  10:45  Marine x2  
  179  10:46  Marine  
  179  10:47  Marine x2  
  192  10:54  Marine  
  192  10:55  Marauder  
  195  11:03  Command Center  
  195  11:05  Sensor Tower  
  195  11:11  Missile Turret  
  195  11:12  Missile Turret  
  194  11:19  Refinery  
  194  11:20  Missile Turret  
  194  11:29  Marine x4  
  194  11:30  Marauder x3  
  194  11:31  Widow Mine x2  
  194  11:33  Widow Mine  
  194  11:37  Marine x3  
  194  11:39  Marauder, Marine  
  189  11:41  SCV  
  189  11:42  SCV x2  
  189  11:48  Marine  
  189  11:52  Marine x2  
  189  11:53  Marauder  
  184  11:55  SCV  
  184  11:56  Marauder x2, Missile Turret  
  184  11:59  Widow Mine x2  
  184  12:01  Medivac  
  195  12:04  Planetary Fortress  
  195  12:05  Marine  
  196  12:13  Marine x2  
  196  12:14  Marine x4  
  200  12:22  Marine x2  
  200  12:28  Marauder, Marine x2  
  198  12:35  Marauder, Marine x2  
  198  12:36  Marine x3  
  152  12:37  Marauder  
  152  12:38  Widow Mine x2  
  152  12:39  Widow Mine  
  152  12:40  SCV x2  
  147  12:46  Marauder  
  147  12:48  Marine  
  147  12:49  SCV  
  128  12:52  Marine  
  128  12:53  Marine x3  
  128  12:54  SCV  
  128  12:55  Marine  
  128  12:58  SCV  
  127  13:03  Marine  
  127  13:04  Marine x2  
  125  13:07  SCV, Marine  
  125  13:09  SCV  
  125  13:11  Marine x3  
  127  13:13  Marine  
  127  13:14  Marine  
  127  13:16  Marine  
  127  13:18  Widow Mine x2  
  134  13:21  Marine  
  134  13:22  Marauder  
  134  13:25  Marine  
  140  13:28  Marine  
  140  13:29  Marine  
  140  13:30  Supply Depot  
  140  13:32  Thor  
  143  13:36  SCV  
  143  13:38  Marine x3  
  143  13:41  Medivac x2  
  149  13:42  Widow Mine x2  
  149  13:46  Marine x2  
  157  13:48  Marine x3  
  157  13:50  Command Center  
  157  13:51  Supply Depot  
  157  13:54  Marine x2  
  162  14:03  Marine x2  
  162  14:05  Widow Mine x2  
  162  14:07  Marauder, Marine x2  
  162  14:08  Marine  
  162  14:09  Command Center  
  173  14:15  Marine x2  
  173  14:19  Marine  
  173  14:20  Marine x2  
  173  14:23  Marine x2  
  178  14:25  Widow Mine  
  178  14:27  Widow Mine x2  
  178  14:28  Medivac x2, Sensor Tower  
  178  14:30  Marine x3  
  191  14:33  Terran Vehicle And Ship Armor Level 1  
  191  14:34  Marine  
  189  14:48  Marine  
  189  14:49  Marine x2  
  179  14:53  Marine x2  
  177  15:01  Marine  
  177  15:03  Marine  
  177  15:04  Widow Mine  
  177  15:05  Marine x2  
  171  15:07  Marine x3  
  171  15:08  Marauder  
  171  15:09  Widow Mine  
  171  15:11  Marine  
  177  15:14  SCV  
  177  15:15  Marine  
  177  15:19  Marine x2  
  177  15:20  Marine  
  173  15:21  Marine  
  173  15:23  Missile Turret, Marine, Widow Mine  
  173  15:25  Missile Turret  
  172  15:29  Marine x2  
  172  15:30  SCV  
  172  15:34  Marine x2  
  172  15:35  Concussive Shells, Marauder  
  154  15:44  Marine x2  
  154  15:45  Widow Mine, Marine  
  154  15:46  Marine  
  154  15:49  Marine x2  
  155  15:50  Marine  
  155  15:52  Orbital Command  
  155  15:53  Marine x2  
  152  16:00  Marine x2  
  152  16:01  Marine  
  152  16:03  Marine  
  152  16:04  Marine  
  150  16:05  Widow Mine  
  150  16:07  Planetary Fortress  
  140  16:14  Marine  
  140  16:16  Marine x3  
  140  16:17  Marauder x2  
  132  16:24  Marine x2, Widow Mine  
  136  16:26  Widow Mine  
  136  16:27  Marine x3  
  141  16:32  Marine  
  141  16:34  Marine x2  
  141  16:36  SCV x2, Widow Mine  
  141  16:37  SCV x2  
  141  16:38  Marine  
  144  16:45  Marine x2  
  147  16:47  Widow Mine  
  147  16:52  Marine x2  
  147  16:53  Marine  
  148  16:55  Widow Mine  
  148  16:57  SCV x2  
  148  16:59  Marine x2  
Tags
 
Add a new tag
Caveats
  • Supply blocks, unpowered buildings, or Contaminate may cause inaccurate times.
  • Supply counts are checked every 10 seconds.